 Dungeon Crawl Stone Soup version 0.30.1-3-gfc49f6343a (webtiles) character file.

Game seed: 18421269932914161536

487 Peloso the Slasher (level 6, -3/56 HPs)
             Began as a Minotaur Fighter on Aug 9, 2023.
             Slain by a lemure (7 damage)
             ... led by Pikel
             ... on level 4 of the Dungeon.
             The game lasted 00:05:26 (2423 turns).

Peloso the Slasher (Minotaur Fighter)               Turns: 2423, Time: 00:05:27

Health: -3/56      AC:  7    Str: 20    XL:     6   Next: 89%
Magic:  5/5        EV: 15    Int:  5    God:
Gold:   231        SH:  5    Dex: 12    Spells: 5/5 levels left

rFire   . . .        a - +0 long sword
rCold   . . .        d - +0 buckler
rNeg    . . .        b - +0 scale mail
rPois   .            (helmet restricted)
rElec   .            (no cloak)
rCorr   .            (no gloves)
SInv    .            (no boots)
Will    .....        (no amulet) Stlth
                     f - ring of flight
HPRegen 0.29/turn    k - +5 ring of evasion
MPRegen 0.09/turn

%: no passive effects
@: flying
A: horns 2, retaliatory headbutt
a: no special abilities


You were on level 4 of the Dungeon.
You visited 1 branch of the dungeon, and saw 4 of its levels.

You collected 231 gold pieces.

Inventory:

Hand Weapons
 a - a +0 long sword (weapon)
Missiles
 e - 2 throwing nets (quivered)
Armour
 b - a +0 scale mail (worn)
 d - a +0 buckler (worn)
Magical Staves
 c - a staff of fire
Jewellery
 f - a ring of flight (left hand)
 g - a ring of resist corrosion
 k - a +5 ring of evasion (right hand)
 o - a ring of protection from fire
Scrolls
 i - a scroll of enchant armour
 j - a scroll of vulnerability {unknown}
 m - a scroll of amnesia
 n - a scroll of fog {unknown}
Potions
 l - a potion of might


   Skills:
 + Level 5.3 Fighting
 + Level 5.8 Long Blades
 + Level 5.6 Armour
 + Level 1.7 Dodging
 + Level 0.2 Stealth
 + Level 4.3 Shields


You had 5 spell levels left.
You didn't know any spells.
Your spell library was empty.

Dungeon Overview and Level Annotations

Branches:
Dungeon (4/15)
 Temple: D:4-7

Altars:

Annotations:
D:4 Pikel


Innate Abilities, Weirdness & Mutations

You have a pair of horns on your head.
You reflexively headbutt those who attack you in melee.


Message History

i - a scroll of enchant armour The lemure hits you but does no damage.
The lemure attacks as you move away! The lemure hits you but does no damage.
The lemure attacks as you move away! You block the lemure's attack.
The lemure attacks as you move away! The lemure completely misses you.
The lemure attacks as you move away! The lemure hits you.
* * * LOW HITPOINT WARNING * * *
The lemure attacks as you move away! The lemure completely misses you.
Pikel waves his whip at you. The lemure attacks as you move away!
The lemure hits you but does no damage. The lemure attacks as you move away!
The lemure hits you.
* * * LOW HITPOINT WARNING * * *
Found a bubbling grey potion.
Pikel says, "Don't tell anyone, but I think Ereshkigal likes me."
The lemure attacks as you move away! The lemure closely misses you.
You hear the slow hiss of a distant avalanche of sand.
Found a potion of curing.
Pikel says, "Hell isn't that bad."
The lemure attacks as you move away! The lemure closely misses you.
You furiously retaliate!
You headbutt the lemure! The lemure attacks as you move away!
The lemure barely misses you. The lemure attacks as you move away!
The lemure closely misses you. The lemure attacks as you move away!
The lemure hits you.
* * * LOW HITPOINT WARNING * * *
You see here a coppery potion.
The lemure attacks as you move away! The lemure barely misses you.
The lemure attacks as you move away! The lemure barely misses you.
You furiously retaliate!
You headbutt the lemure. The lemure attacks as you move away!
The lemure hits you.
* * * LOW HITPOINT WARNING * * *
The lemure attacks as you move away! The lemure closely misses you.
The lemure attacks as you move away! The lemure misses you.
Found a trident.
The lemure attacks as you move away! The lemure hits you.
* * * LOW HITPOINT WARNING * * *
You see here a +0 trident.
The lemure attacks as you move away! The lemure hits you.
* * * LOW HITPOINT WARNING * * *
The lemure attacks as you move away! The lemure hits you but does no damage.
The lemure attacks as you move away! The lemure hits you!
You die...

#########.......#
#5#####.# #######
#.# #.# #.)...# #.#
#.# #.###.####.# #.#
#.#......5.#####.###
#K#5#5####..........
#.5.........†.:.<##
###@.#####.####..#
#..# #.# #..# #..#
... ...# #... ...#
##.## ##.####..# #.#
.. ... .?# ## #..
###


You could see Pikel and 3 lemures.

Vanquished Creatures
  Sigmund (D:3)
  Jessica (D:3)
  Terence (D:3)
  Natasha (thrice) (D:3)
  Robin (D:3)
  A gnoll (D:1)
  8 adders
  A worm (D:3)
  3 dart slugs
  4 endoplasms
  4 giant cockroaches
  13 hobgoblins
  4 jackals (D:2)
  8 kobolds
  3 quokkas
  7 ball pythons
  7 bats
  4 frilled lizards
  20 goblins
  2 rats
96 creatures vanquished.

Notes
Turn   | Place    | Note
-------+----------+-------------------------------------------
     0 | D:1      | Peloso the Minotaur Fighter began the quest for the Orb.
     0 | D:1      | Reached XP level 1. HP: 19/19 MP: 0/0
    28 | D:1      | Reached XP level 2. HP: 14/27 MP: 1/1
   429 | D:1      | Reached XP level 3. HP: 34/34 MP: 2/2
   716 | D:2      | Reached skill level 1 in Dodging
   716 | D:2      | Reached XP level 4. HP: 32/41 MP: 3/3
  1415 | D:3      | Noticed Terence
  1425 | D:3      | Killed Terence
  1431 | D:3      | Reached XP level 5. HP: 32/47 MP: 4/4
  1531 | D:3      | Noticed Jessica
  1535 | D:3      | Killed Jessica
  1749 | D:3      | Noticed Natasha
  1751 | D:3      | Killed Natasha
  1752 | D:3      | Reached skill level 5 in Fighting
  1821 | D:3      | Noticed Natasha
  1825 | D:3      | Killed Natasha
  1826 | D:3      | Reached skill level 5 in Armour
  1852 | D:3      | Noticed Sigmund
  1891 | D:3      | Killed Sigmund
  1892 | D:3      | Reached skill level 5 in Long Blades
  1892 | D:3      | Reached XP level 6. HP: 7/56 MP: 5/5
  2117 | D:3      | Noticed Robin
  2130 | D:3      | Killed Robin
  2221 | D:3      | Noticed Natasha
  2228 | D:3      | Killed Natasha
  2347 | D:4      | Noticed Pikel
  2423 | D:4      | Slain by a lemure

Illustrated notes

Levels and vault maps discovered:
D:1:      tarquinn_simple_flora_water_c, layout_rooms, minmay_door_square,
          hangedman_decor_growths
D:2:      layout_basic, supply_closet_lemuel, minmay_3d_cube
D:3:      layout_loops_ring, minmay_pentomino_pile, uniq_natasha, uniq_jessica,
          uniq_robin, uniq_sigmund, uniq_terence
D:4:      layout_loops_ring, minmay_temple_entry_junction_2, enter_ossuary_3,
          kennysheep_generic_room_13, uniq_pikel, uniq_eustachio

Skill      XL: |  1  2  3  4  5 |
---------------+----------------+-----
Fighting       | 4 5 |  5.3
Armour         | 4 5 |  5.6
Long Blades    | 3 4 5 |  5.8
Dodging        | 1 |  1.7
Shields        | 4 |  4.3
Stealth        | |  0.2

Action                     |  1- 3 |  4- 6 || total
---------------------------+-------+-------++-------
  Melee: Long sword        |    86 |   146 ||   232
         Headbutt          |     7 |    20 ||    27
    Use: Potion            |     4 |     2 ||     6
         Scroll            |     2 |     1 ||     3
 Armour: Scale mail        |    62 |    39 ||   101
  Dodge: Dodged            |    75 |    98 ||   173
  Block: Buckler           |    22 |    39 ||    61
